Map: 16-Bit LE

Players

Stephano - Winner!

  • Race: Zerg Zerg
  • Spawn Location: 7:00

JackO

  • Race: Protoss Protoss
  • Spawn Location: 1:00

Event: WCS Valencia 2018

VOD

Have the link to the VOD?

Description

Time

  • Played on: July 12, 2018, 6:43 a.m.
  • Length: 7:55

All games in this series

Show
View Real Time Build Order
Export as new Build Order

Stephano Zerg - Winner!

Build Orders: Hatch First 

Get SALT Encoding   

  12  0:00  Drone  
  13  0:12  Overlord  
  13  0:18  Drone  
  14  0:31  Drone x2  
  16  0:50  Hatchery  
  16  0:53  Drone  
  16  1:04  Drone x2  
  18  1:14  Spawning Pool  
  17  1:18  Extractor  
  17  1:19  Drone  
  17  1:22  Drone  
  18  1:28  Drone  
  19  1:39  Drone  
  20  1:51  Drone  
  21  2:01  Overlord  
  21  2:02  Queen x2  
  21  2:03  Zergling x2  
  26  2:11  Drone  
  26  2:13  Drone  
  28  2:18  Metabolic Boost  
  28  2:23  Drone x2  
  30  2:38  Hatchery  
  30  2:44  Queen  
  29  2:49  Overlord  
  31  2:52  Zergling x2  
  31  2:54  Drone  
  31  2:57  Drone  
  34  3:00  Drone  
  34  3:03  Drone  
  36  3:08  Drone  
  36  3:11  Drone x3  
  40  3:14  Drone  
  40  3:19  Overlord  
  41  3:23  Drone x3  
  44  3:30  Evolution Chamber  
  44  3:32  Overlord  
  44  3:33  Overlord  
  43  3:38  Spore Crawler  
  43  3:40  Drone  
  43  3:43  Drone  
  44  3:51  Drone  
  44  3:52  Drone  
  44  3:54  Spore Crawler  
  45  3:55  Drone x3  
  45  3:56  Spore Crawler  
  45  4:01  Zerg Melee Weapons Level 1  
  47  4:08  Drone x5  
  52  4:13  Drone x2  
  52  4:15  Overlord  
  54  4:21  Drone x4  
  58  4:28  Overlord  
  58  4:30  Lair  
  58  4:32  Queen  
  60  4:39  Drone x3  
  60  4:41  Extractor x2, Zergling x2  
  60  4:42  Zergling x4  
  65  4:52  Zergling x2  
  65  4:53  Zergling x10  
  70  5:01  Zergling x10  
  75  5:07  Overlord  
  75  5:09  Overlord  
  75  5:18  Zergling x4  
  75  5:19  Queen x2  
  80  5:27  Zergling x10  
  84  5:29  Queen  
  84  5:33  Zergling x8  
  89  5:41  Zergling x10  
  93  5:46  Drone  
  93  5:49  Hydralisk Den  
  93  5:53  Drone x5  
  98  5:57  Queen  
  98  5:58  Spine Crawler x2  
  90  6:15  Drone x8  
  90  6:16  Extractor, Overlord  
  90  6:17  Extractor  
  95  6:26  Muscular Augments  
  95  6:28  Extractor, Hatchery  
  95  6:30  Baneling Nest  
  92  6:40  Hydralisk x5  
  102  6:49  Drone  
  102  6:50  Drone x3  
  106  7:00  Overlord x4  
  104  7:16  Overlord  
  104  7:18  Hydralisk x8  
  104  7:22  Zergling x2  
  121  7:23  Zergling x8  
  116  7:30  Zergling x6  
Show
View Real Time Build Order
Export as new Build Order

JackO Protoss 

Build Orders: 1 Gate Expand, Oracle Opening, Phoenix Opening, Zealot Archon, Archon Drop 

Get SALT Encoding   

  12  0:00  Probe  
  13  0:12  Probe  
  14  0:18  Pylon  
  14  0:24  Probe  
  15  0:32  Probe  
  15  0:38  Gateway  
  15  0:40  Probe  
  16  0:48  Assimilator  
  17  0:51  Probe  
  18  1:03  Probe  
  19  1:15  Probe  
  20  1:25  Nexus  
  20  1:35  Cybernetics Core  
  20  1:38  Probe  
  21  1:45  Assimilator  
  21  1:50  Probe  
  22  1:54  Pylon  
  22  2:02  Probe  
  22  2:03  Adept  
  23  2:10  Probe  
  26  2:18  Probe  
  26  2:20  Stargate  
  27  2:29  Probe  
  27  2:33  Warp Gate  
  27  2:35  Adept, Probe  
  30  2:41  Probe  
  30  2:43  Probe  
  33  2:52  Probe  
  33  2:53  Probe  
  33  2:57  Phoenix  
  35  3:04  Probe  
  35  3:05  Probe  
  39  3:16  Probe  
  39  3:17  Oracle, Probe  
  41  3:23  Pylon  
  44  3:29  Assimilator, Probe x2  
  44  3:30  Assimilator  
  46  3:34  Shield Battery  
  46  3:41  Probe x2  
  46  3:45  Pylon  
  48  3:53  Robotics Facility, Probe  
  49  3:57  Probe  
  50  4:04  Twilight Council  
  50  4:05  Probe  
  50  4:09  Probe  
  52  4:14  Gateway  
  52  4:18  Gateway, Probe  
  52  4:20  Gateway  
  53  4:27  Probe  
  53  4:29  Warp Prism  
  53  4:30  Probe  
  55  4:38  Pylon  
  55  4:39  Probe  
  58  4:46  Templar Archives  
  58  4:50  Probe  
  59  4:54  Probe  
  59  4:56  Zealot  
  62  5:06  Observer  
  63  5:16  Nexus  
  63  5:19  Pylon  
  63  5:25  High Templar x2  
  63  5:26  High Templar  
  69  5:30  Archon, Charge  
  69  5:31  High Templar  
  66  5:40  Archon  
  66  5:45  Probe  
  66  5:49  Gateway  
  67  5:50  Gateway  
  67  5:52  Gateway, Forge, Probe  
  67  5:55  Gateway  
  62  6:08  High Templar x2  
  62  6:09  Zealot x2  
  65  6:13  Archon  
  65  6:17  Probe  
  65  6:18  Probe  
  65  6:31  Pylon x2  
  65  6:32  Pylon  
  65  6:34  Zealot x2  
  65  6:38  Pylon  
  69  6:41  Pylon  
  69  6:44  Pylon  
  69  6:49  High Templar  
  69  6:50  Zealot x2, High Templar  
  69  6:54  Zealot x3  
  79  6:55  Archon  
  83  7:02  Nexus  
  83  7:03  Pylon  
  82  7:18  Zealot  
  82  7:19  Zealot, High Templar x2  
  82  7:20  Zealot x2  
  94  7:23  Zealot x2  
  94  7:24  Archon  
  88  7:39  Zealot x2  
  88  7:40  Zealot x2  
  88  7:43  Zealot x2  
Tags
 
Add a new tag
Caveats
  • Supply blocks, unpowered buildings, or Contaminate may cause inaccurate times.
  • Supply counts are checked every 10 seconds.